Map: Éphémèrion EC

Players

defer

  • Race: Protoss Protoss
  • League: Silver
  • Spawn Location: 11:00

IA (très facile) - Winner!

  • Race: Terran Terran
  • Spawn Location: 5:00

VOD

Have the link to the VOD?

Description

Time

  • Played on: Jan. 18, 2020, 8:12 a.m.
  • Length: 4:12
Show
View Real Time Build Order
Export as new Build Order

defer Protoss 

Build Orders: 1 Gate Expand 

Get SALT Encoding   

  12  0:00  Probe  
  13  0:13  Probe  
  14  0:18  Pylon  
  14  0:25  Probe  
  15  0:37  Probe (Chrono Boost)  
  15  0:40  Gateway  
  16  0:46  Probe (Chrono Boost)  
  17  0:51  Probe (Chrono Boost)  
  18  1:03  Probe (Chrono Boost)  
  19  1:13  Probe (Chrono Boost)  
  19  1:18  Probe (Chrono Boost)  
  20  1:22  Nexus  
  21  1:29  Probe  
  21  1:32  Pylon  
  22  1:41  Probe  
  22  1:42  Cybernetics Core  
  23  1:48  Assimilator  
  23  1:54  Probe  
  24  1:55  Assimilator  
  24  2:06  Probe (Chrono Boost)  
  26  2:16  Probe (Chrono Boost)  
  26  2:21  Probe (Chrono Boost)  
  27  2:32  Probe  
  27  2:34  Probe  
  29  2:40  Pylon  
  29  2:44  Probe  
  29  2:46  Probe, Pylon  
  31  2:55  Pylon  
  31  2:56  Probe  
  33  2:58  Probe  
  33  3:08  Probe (Chrono Boost)  
  35  3:14  Probe (Chrono Boost)  
  36  3:20  Probe (Chrono Boost)  
  36  3:25  Probe x2 (Chrono Boost)  
  38  3:34  Probe (Chrono Boost)  
  38  3:39  Probe (Chrono Boost)  
  40  3:46  Probe (Chrono Boost)  
  42  3:50  Probe (Chrono Boost)  
  42  3:51  Probe (Chrono Boost)  
  43  3:59  Probe  
Show
View Real Time Build Order
Export as new Build Order

IA (très facile) Terran - Winner!

Build Orders:  

Get SALT Encoding   

  12  0:00  SCV  
  13  0:13  SCV  
  14  0:18  Supply Depot  
  14  0:37  Refinery  
  14  0:43  Barracks  
  14  1:03  Supply Depot  
  14  1:13  Refinery  
  14  1:30  Marine  
  14  1:31  SCV  
  16  1:43  SCV  
  17  1:55  SCV  
  18  2:02  Marine  
  18  2:07  SCV  
  20  2:19  SCV  
  21  2:32  SCV  
  21  2:34  Marine  
  23  2:44  Orbital Command  
Tags
 
Add a new tag
Caveats
  • Supply blocks, unpowered buildings, or Contaminate may cause inaccurate times.
  • Supply counts are checked every 10 seconds.